 Dungeon Crawl Stone Soup version 0.13.0-15-g9204fa6 (webtiles) character file.

14000 Malachi the Basher (level 11, -9/82 HPs)
             Began as a Deep Dwarf Necromancer on Oct 20, 2013.
             Was a Priest of Makhleb.
             Mangled by a seven-headed hydra (16 damage)
             ... on Level 3 of the Lair of Beasts.
             The game lasted 00:52:48 (14061 turns).

Malachi the Basher (Deep Dwarf Necromancer)        Turns: 14061, Time: 00:52:49

HP  -9/82        AC  8     Str 12      XL: 11   Next: 72%
MP  17/23        EV 12     Int 22      God: Makhleb [***...]
Gold 823         SH 13     Dex 13      Spells:  4 memorised,  8 levels left

Res.Fire  : . . .   See Invis. : .   t - +1,-1 whip (elec)
Res.Cold  : . . .   Warding    : .   a - +3 robe "Iclomum" {Dam+2 Curse}
Life Prot.: . . .   Conserve   : .   w - +1 buckler
Res.Poison: .       Res.Corr.  : +   f - +0 wizard hat {Int+3}
Res.Elec. : .       Clarity    : .   B - +0 cloak
Sust.Abil.: . .     Spirit.Shd : .   L - +0 pair of elf gauntlets
Res.Mut.  : .       Stasis     : .   (no boots)
Res.Rott. : .       Flight     : .   o - cursed amulet of resist corrosion
Saprovore : . . .                    (no ring)
                                     N - ring of wizardry

@: non-regenerating, about to teleport, quite resistant to hostile enchantments,
fairly stealthy
A: damage resistance, recharge devices, sense surroundings 2, slow healing 3
a: Device Recharging, Minor Destruction, Lesser Servant of Makhleb, Renounce
Religion


You were on level 3 of the Lair of Beasts.
You worshipped Makhleb.
Makhleb was most pleased with you.
You were not hungry.

You visited 3 branches of the dungeon, and saw 13 of its levels.
You also visited: Sewer.

You collected 803 gold pieces.

Inventory:

Hand weapons
 t - a +1,-1 whip of electrocution (weapon)
 v - a +2,+0 flail of holy wrath
Armour
 a - the cursed +3 robe "Iclomum" (worn) {Dam+2 Curse}
   (You found it on level 5 of the Dungeon)

   It affects your damage-dealing abilities (+2).
   It may recurse itself.
   It has a curse placed upon it.
 f - a +0 wizard hat of intelligence (worn)
 w - a +1 buckler (worn)
 y - a +0 helmet
 B - a +0 cloak (worn)
 L - a +0 pair of elven gauntlets (worn)
Magical devices
 e - a wand of heal wounds (4)
 l - a wand of slowing (14)
 r - a wand of lightning (4)
 A - a wand of polymorph (6)
Comestibles
 d - 5 bread rations
 j - 3 meat rations
Scrolls
 x - a scroll of amnesia
 G - 2 scrolls of fog
 M - 4 scrolls of identify
Jewellery
 o - a cursed amulet of resist corrosion (around neck)
 N - a ring of wizardry (left hand)
Potions
 c - 2 potions of invisibility
 g - a potion of speed
 i - 11 potions of curing
 m - 2 potions of might
 s - 2 potions of restore abilities
 F - 5 potions of heal wounds
 I - 3 potions of agility
 K - 3 potions of brilliance
Books
 b - a book of Necromancy

   Spells                             Type                      Level
   *Pain                              Necromancy                   1
   Animate Skeleton                   Necromancy                   1
   Lethal Infusion                    Charms/Necromancy            2
   *Vampiric Draining                 Necromancy                   3
   Regeneration                       Charms/Necromancy            3
   *Animate Dead                      Necromancy                   4
   Control Undead                     Necromancy                   4
 O - a book of Death

   Spells                             Type                      Level
   Corpse Rot                         Necromancy                   2
   Sublimation of Blood               Necromancy                   2
   *Agony                             Necromancy                   5
   Dispel Undead                      Necromancy                   5
   Excruciating Wounds                Charms/Necromancy            5
   Bolt of Draining                   Conjuration/Necromancy       6
Magical staves
 h - an uncursed staff of air
Miscellaneous
 q - an ornate deck of defence


   Skills:
 - Level 1.1 Fighting
 - Level 12.5 Maces & Flails
 * Level 9.6 Armour
 - Level 2.1 Dodging
 - Level 2.4 Stealth
 - Level 7.3 Shields
 + Level 5.5 Spellcasting
 - Level 7.2 Necromancy
 + Level 1.0 Invocations


You had 8 spell levels left.
You knew the following spells:

 Your Spells              Type           Power        Failure   Level  Hunger
a - Pain                  Necr           ####         1%          1    None
b - Vampiric Draining     Necr           #####.....   1%          3    ##.....
c - Animate Dead          Necr           N/A          2%          4    ####...
d - Agony                 Necr           #####...     5%          5    #####..


Dungeon Overview and Level Annotations

Branches:
Dungeon (9/27)             Temple (1/1) D:7            Lair (3/8) D:8
    Orc: D:6-11       Swamp: Lair:3-6    Shoals: Lair:3-6     Snake: Lair:3-6
 Spider: Lair:3-6

Altars:
Ashenzari
Cheibriados
Elyvilon
Fedhas
Kikubaaqudgha
Makhleb
Nemelex Xobeh
Okawaru
Sif Muna
Trog
Vehumet
Xom
Yredelemnul
Zin
the Shining One

Shops:
D:6 %   D:9 [

Annotations:
D:4 Dowan


Innate Abilities, Weirdness & Mutations

You are resistant to damage.
You can recharge devices by infusing magical energy.
You passively map the area around you.
You do not heal naturally.


Message History

Zapping:
e - a wand of heal wounds (5)
Press: ? - help, Shift-Dir - straight line, f - you, p - seven-headed hydra You feel much better.
This wand has 4 charges left.
The seven-headed hydra closely misses you.
You block the seven-headed hydra's attack.
The seven-headed hydra closely misses you.
The seven-headed hydra bites you!
* * * LOW HITPOINT WARNING * * *
The seven-headed hydra bites you!
* * * LOW HITPOINT WARNING * * *
The seven-headed hydra barely misses you.
The seven-headed hydra bites you but does no damage.
The bat hits you.
Read which item? (? for menu, Esc to quit)
As you read the scroll of teleportation, it crumbles to dust.
You feel strangely unstable. The bat barely misses you.
The bat hits you but does no damage. The seven-headed hydra bites you.
* * * LOW HITPOINT WARNING * * *
The seven-headed hydra bites you!
You die...

#. #......... , , ,,
#.* ..f#...# * * , ,*
,.*###.# #...#.. , ,
**..P#P..f##...$#,
,.f# , , *
....P....#.#.#####...
*
.........%.%..#....#
* .#.##..#.####.....#
, #.....$.....#.### ,
*#.#.....#@.......#.
* *
##......b.D.........
* #..##.#..#.......#
*#............!.##.#*
* ,
#f.#.#..............
*
*##.##.#..l.P...#.#.
* .. ####.###...>...
,, # #..# #..### ,, *
* ##.# *#..., ,,


You could see a seven-headed hydra, a giant gecko and a bat.

Vanquished Creatures
  Gastronok (Lair:2)
  Pikel (D:8)
  3 elephants
  Maurice (D:8)
  A black mamba (Lair:1)
  A troll (D:9)
  2 komodo dragons
  A basilisk (Lair:1)
  A shark (Lair:1)
  A steam dragon (D:8)
  3 hippogriffs
  17 yaks
  A necrophage (D:7)
  3 porcupines
  5 orc warriors
  A yellow wasp (D:9)
  A slave (D:8)
  4 sky beasts
  3 phantoms
  A black bear (D:8)
  4 centaurs
  2 ogres
  Duvessa (D:4)
  2 giant frogs
  2 crocodiles (Lair:2)
  2 giant slugs
  A gnoll sergeant (D:9)
  5 water moccasins
  2 insubstantial wisps (D:8)
  A manticore skeleton (D:9)
  9 killer bees
  2 jellyfish (Lair:1)
  3 electric eels (Lair:1)
  A yak skeleton (D:9)
  4 goliath beetles
  A centaur zombie (D:7)
  7 crimson imps
  A gnoll shaman (D:7)
  2 jellies
  4 hounds
  11 orc priests
  A quasit (D:8)
  A centaur skeleton (D:7)
  10 orc wizards
  4 scorpions
  3 worker ants
  4 iguanas
  Ijyb (D:4)
  18 gnolls
  12 adders
  A giant centipede (Lair:3)
  10 green rats
  2 giant mites
  4 worms
  2 iguana zombies
  2 giant eyeballs
  6 giant geckos
  4 oozes
  60 orcs
  13 bats
  7 giant cockroaches
  12 goblins
  16 grey rats (Sewer)
  15 hobgoblins
  43 kobolds
  9 quokkas
  11 ball pythons
  4 giant newts
  16 jackals
  27 rats
437 creatures vanquished.

Vanquished Creatures (others)
  A jelly (D:8)
  A worker ant (D:8)
  2 orcs
  A giant spore (D:8)
  A rat (D:8)
6 creatures vanquished.

Grand Total: 443 creatures vanquished

Notes
Turn   | Place    | Note
--------------------------------------------------------------
     0 | D:1      | Malachi, the Deep Dwarf Necromancer, began the quest for the Orb.
     0 | D:1      | Reached XP level 1. HP: 15/15 MP: 3/3
   324 | D:1      | Reached XP level 2. HP: 22/22 MP: 1/4
   438 | D:1      | Reached skill level 5 in Necromancy
   880 | D:1      | Reached XP level 3. HP: 28/28 MP: 6/6
   885 | D:1      | Learned a level 3 spell: Vampiric Draining
  1420 | D:2      | Reached XP level 4. HP: 32/36 MP: 0/7
  1964 | D:2      | Reached skill level 6 in Necromancy
  2443 | D:3      | Reached XP level 5. HP: 38/42 MP: 7/9
  2492 | D:3      | HP: 2/42 [orc wizard/puff of flame (7)]
  2910 | D:3      | Reached skill level 7 in Necromancy
  2910 | D:3      | Reached XP level 6. HP: 18/49 MP: 8/12
  3460 | D:4      | Noticed Ijyb
  3479 | D:4      | Killed Ijyb
  3479 | D:4      | Reached skill level 1 in Maces & Flails
  3583 | D:4      | Reached skill level 1 in Armour
  3689 | D:4      | Noticed Dowan
  3690 | D:4      | Noticed Duvessa
  3705 | D:4      | Killed Duvessa
  3705 | D:4      | Reached skill level 1 in Shields
  3705 | D:4      | Reached XP level 7. HP: 28/55 MP: 3/14
  3722 | D:5      | Entered Level 5 of the Dungeon
  3855 | D:5      | Reached skill level 1 in Fighting
  3963 | D:5      | Found a white marble altar of Elyvilon.
  4144 | D:5      | Found a glowing drain.
  4158 | Sewer    | Entered a sewer
  5101 | D:5      | Got a faintly glowing robe
  5109 | D:5      | Identified the +3 robe "Iclomum" {Dam+2 Curse} (You found it on level 5 of the Dungeon)
  5622 | D:6      | Found Kaamuloe's Food Emporium.
  5664 | D:5      | Reached XP level 8. HP: 29/63 MP: 16/16
  5704 | D:5      | Reached skill level 5 in Maces & Flails
  6641 | D:7      | Found a staircase to the Ecumenical Temple.
  6655 | Temple   | Entered the Ecumenical Temple
  6817 | D:7      | Learned a level 4 spell: Animate Dead
  6862 | D:7      | Reached skill level 5 in Shields
  7167 | D:7      | Found a shattered altar of Ashenzari.
  7179 | D:7      | Gained mutation: You passively map the area around you. [level up]
  7179 | D:7      | Reached XP level 9. HP: 32/69 MP: 4/18
  7674 | D:7      | Reached skill level 8 in Maces & Flails
  7977 | D:8      | Noticed Pikel
  7998 | D:8      | Killed Pikel
  8071 | D:8      | Found a staircase to the Lair.
  8121 | D:8      | Reached skill level 9 in Maces & Flails
  8238 | D:8      | Reached skill level 10 in Maces & Flails
  8294 | D:8      | Paralysed by a potion of paralysis for 5 turns
  8468 | D:8      | Reached XP level 10. HP: 46/76 MP: 19/19
  8706 | D:8      | Noticed Maurice
  9479 | D:8      | Killed Maurice
  9501 | D:9      | Reached skill level 11 in Maces & Flails
  9792 | D:9      | Found Ukuafusch's Armour Boutique.
  9913 | D:9      | Found a snail-covered altar of Cheibriados.
 10307 | D:9      | Found a basalt altar of Yredelemnul.
 10343 | D:9      | Found a burning altar of Makhleb.
 10347 | D:9      | Became a worshipper of Makhleb the Destroyer
 10455 | D:9      | Reached skill level 12 in Maces & Flails
 10744 | D:9      | Acquired Makhleb's first power
 10922 | Lair:1   | Entered Level 1 of the Lair of Beasts
 10955 | Lair:1   | Noticed a black mamba
 10964 | Lair:1   | Killed a black mamba
 10972 | Lair:1   | Reached skill level 5 in Armour
 11273 | Lair:1   | Reached XP level 11. HP: 62/82 MP: 4/20
 11638 | Lair:1   | Acquired Makhleb's second power
 12369 | Lair:1   | Reached skill level 1 in Invocations
 12535 | Lair:2   | Learned a level 5 spell: Agony
 12655 | Lair:2   | Noticed Gastronok
 12679 | Lair:2   | Killed Gastronok
 13245 | Lair:2   | Acquired Makhleb's third power
 13915 | Lair:3   | Reached skill level 5 in Spellcasting
 13927 | Lair:3   | Noticed a seven-headed hydra
 14061 | Lair:3   | Mangled by a seven-headed hydra

Action                   |  1- 3 |  4- 6 |  7- 9 | 10-12 || total
-------------------------+-------+-------+-------+-------++-------
Melee: Morningstar       |       |   117 |   420 |       ||   537
       Club              |       |    12 |       |       ||    12
       Whip              |       |       |   170 |   572 ||   742
 Fire: Sling             |    87 |    50 |       |       ||   137
Throw: Stone             |     5 |     1 |       |       ||     6
 Cast: Pain              |    59 |    38 |     8 |    17 ||   122
       Vampiric Draining |       |    36 |   128 |   133 ||   297
       Agony             |       |       |       |     4 ||     4
Evoke: Wand              |       |     4 |     5 |     6 ||    15
  Use: Scroll            |       |     8 |    11 |     5 ||    24
       Potion            |       |       |    14 |     2 ||    16
 Stab: Sleeping          |       |       |     3 |     3 ||     6
